[Event "MČR družstev mladších žáků 2024"]
[Site "Harrachov, Czech Republic"]
[Date "2024.06.15"]
[Round "4.11"]
[White "Melicharova Veronika"]
[Black "Prikryl Daniel"]
[Result "1-0"]
[TimeControl "25+10"]
[WhiteFideId "23749695"]
[BlackFideId "23745770"]
[WhiteElo "1003"]
[BlackElo "1199"]

1. e4 e5 2. Nf3 Nc6 3. d4 exd4 4. Nxd4 Bc5 5. Be3 d6 6. Nc3 Bd7 7. Bc4 Nf6 8. O-O O-O 9. f4 Re8 10.
e5 dxe5 11. fxe5 Rxe5 12. Bf2 Bg4 13. Nf3 Bxf2+ 14. Rxf2 Qxd1+ 15. Rxd1 Bxf3 16. Rxf3 Rae8 17. Rff1 Nb4 18. Bb3 g6 19.
Rxf6 R5e7 20. Rff1 Kg7 21. a3 Nc6 22. Ba4 a6 23. Bxc6 bxc6 24. Na4 Rc8 25. Nc5 a5 26. Rd2 Re5 27.
Nd7 Re7 28. Nc5 Re5 29. b4 Rg5 30. Rd7 axb4 31. Ne6+ Kh6 32. Nxg5 Kxg5 33. axb4 f5 34. Rxh7 Kf6 35. Rh3 Rb8 36.
c3 Kg5 37. Rff3 Kf6 38. g4 Ke5 39. gxf5 gxf5 40. Re3+ Kd6 41. Rh6+ Kd7 42. Rd3+ Ke8 43. Rh8+ 1-0



[ePGN "0.1;DGT LiveChess/2.2.6"]

[Event "MČR družstev mladších žáků 2024"]
[Site "Harrachov, Czech Republic"]
[Date "2024.06.15"]
[Round "4.13"]
[White "Policar Martin"]
[Black "Kroulik Stepan"]
[Result "1-0"]
[TimeControl "25+10"]
[WhiteFideId "23734868"]
[BlackFideId "23725460"]
[WhiteElo "1646"]
[BlackElo "1370"]

1. d4 Nf6 2. c4 c5 3.
Nf3 e6 4. g3 d5 5. Bg2 dxc4 6. Qa4+ Nc6 7. Ne5 Bd7 8. Nxc6 Bxc6 9. Bxc6+ bxc6 10. Qxc6+ Nd7 11. O-O cxd4 12. Qxc4 Bc5 13. Rd1 Qf6 14. Nd2 e5 15.
Ne4 Qb6 16. Bd2 O-O 17. Rac1 Rac8 18. b4 Be7 19. Qxc8 Rxc8 20. Rxc8+ Nf8 21. Rdc1 h6 22. R1c7 Bxb4 23. Bxb4 Qxb4 24.
Nc5 Qe1+ 25. Kg2 Qxe2 26. Nd7 Qe4+ 27. Kg1 Qe1+ 28. Kg2 Qe4+ 29. f3 Qe2+ 30. Kh3 Qf1+ 31. Kg4 f5+ 32. Kxf5 Qxf3+ 33. Kxe5 Qe3+ 34. Kd5 Qe6+ 35.
Kc5 Qf5+ 36. Kc4 Qc2+ 37. Kb5 Qb2+ 38. Kc6 Qg2+ 39. Kd6 Qxh2 40. Rxf8+ Kh7 41. Nf6+ Kg6 42. Ng4 Qxg3+ 43. Ne5 Kh5 44.
Ke6 Qg2 45. Rf5+ g5 46. Rxa7 Kh4 47. Ng6+ Kg4 48. Ne5+ Kh4 49. Ra4 Qe4 50. Rxd4 Qxd4 51. Nf3+ 1-0



[ePGN "0.1;DGT LiveChess/2.2.6"]

[Event "MČR družstev mladších žáků 2024"]
[Site "Harrachov, Czech Republic"]
[Date "2024.06.15"]
[Round "4.14"]
[White "Zika Miroslav"]
[Black "Sudrich Radek"]
[Result "0-1"]
[TimeControl "25+10"]
[WhiteFideId "23746610"]
[BlackFideId "23734361"]
[WhiteElo "1311"]
[BlackElo "1470"]

1. c4 g6 2. Nc3 Bg7 3. g3 c5 4. Bg2 Nc6 5. Nf3 Nf6 6. d3 O-O 7. O-O d6 8. Bd2 e6 9. Rc1 Bd7 10.
e4 e5 11. Nd5 Nxd5 12. cxd5 Ne7 13. Qb3 b5 14. a3 a5 15. Qa2 f5 16. Ng5 h6 17. Ne6 Bxe6 18. dxe6 f4 19. gxf4 exf4 20.
f3 Kh7 21. Kh1 Rc8 22. Bc3 Be5 23. Rg1 Rf6 24. Bh3 Qe8 25. Bxa5 Nc6 26. Bc3 Rc7 27. Bxe5 Nxe5 28. Qd5 Qe7 29.
Rgf1 Nc6 30. Kg2 Nd4 31. b4 Nxe6 32. bxc5 dxc5 33. Qb3 Nd4 34. Qa2 Rd6 35. Rg1 Qh4 36. Bg4 h5 37. Bh3 Nxf3 38.
Kxf3 Qxh3+ 39. Kf2 Qxh2+ 40. Rg2 Qh4+ 41. Kf1 Qh1+ 42. Rg1 Qf3+ 43. Qf2 Qxf2+ 44. Kxf2 Rxd3 45. Rb1 Rxa3 46. Rxb5 Re3 47. Rb6 Rg7 48. Rc6 Rxe4 49.
Rxc5 Kh6 50. Kf3 Ra4 51. Rc6 Kh7 52. Rf6 g5 53. Rh1 g4+ 54. Kg2 Ra2+ 55. Kg1 Ra1+ 56. Kg2 f3+ 57. Kg3 Rxh1 58.
Ra6 f2 59. Kxf2 g3+ 60. Kg2 Rh2+ 61. Kg1 g2 62. Kxh2 g1=Q+ 63. Kh3 Qg3# 0-1



[ePGN "0.1;DGT LiveChess/2.2.6"]

[Event "MČR družstev mladších žáků 2024"]
[Site "Harrachov, Czech Republic"]
[Date "2024.06.15"]
[Round "4.15"]
[White "Moravec Rene"]
[Black "Svoboda Petr"]
[Result "1/2-1/2"]
[TimeControl "25+10"]
[WhiteFideId "23745274"]
[BlackFideId "23771550"]
[WhiteElo "1295"]
[BlackElo "1261"]

1. c4 Nf6 2. Nc3 g6 3. g3 Bg7 4. Bg2 d6 5. Nf3 O-O 6. d3 e5 7. O-O Nbd7 8. Bg5 a5 9. a3 h6 10.
Bd2 Nh7 11. Qc1 g5 12. h4 Nc5 13. Qc2 a4 14. hxg5 hxg5 15. Ne4 Nxe4 16. dxe4 f5 17. Kh2 f4 18. Rh1 Be6 19. Kg1 g4 20.
Nh4 Qf6 21. Nf5 Bxf5 22. exf5 fxg3 23. fxg3 c6 24. e4 Qd8 25. Kf2 Qb6+ 26. c5 Qxc5+ 27. Qxc5 dxc5 28. Bf1 Rad8 29. Bc4+ Kh8 30.
Rxh7+ Kxh7 31. Rh1+ Bh6 32. Rxh6+ Kg7 33. Rg6+ Kh7 34. Rh6+ Kg7 35. Rg6+ Kh7 1/2-1/2



[ePGN "0.1;DGT LiveChess/2.2.6"]

[Event "MČR družstev mladších žáků 2024"]
[Site "Harrachov, Czech Republic"]
[Date "2024.06.15"]
[Round "4.16"]
[White "Dvorak Vojtech"]
[Black "Sevcikova Terezie"]
[Result "1-0"]
[TimeControl "25+10"]
[WhiteFideId "23742089"]
[BlackFideId "23766425"]
[WhiteElo "1154"]
[BlackElo "1447"]

1. e4 d5 2. exd5 Nf6 3. d4 Nxd5 4. Bc4 Nc6 5. Nf3 Bg4 6. h3 Bh5 7. g4 Bg6 8. Bb5 e6 9. Bxc6+ bxc6 10.
Ne5 c5 11. Nxg6 hxg6 12. dxc5 Bxc5 13. Nd2 Qf6 14. Ne4 Qe7 15. Qd3 a6 16. Qc4 Bb6 17. Qc6+ Qd7 18. Qxa8+ Qd8 19. Qxa6 f5 20.
Qb5+ Kf7 21. Ng5+ Ke7 22. Ne4 fxe4 23. Bg5+ Nf6 24. Qb4+ Kf7 25. O-O Qd5 26. Bxf6 Kxf6 27. Qc3+ Kf7 28.
Rad1 Qc5 29. Rd7+ Ke8 30. Qxg7 Rf8 31. Rd2 e3 32. Qd7# 1-0



[ePGN "0.1;DGT LiveChess/2.2.6"]

[Event "MČR družstev mladších žáků 2024"]
[Site "Harrachov, Czech Republic"]
[Date "2024.06.15"]
[Round "4.19"]
[White "Vo Daniel"]
[Black "Velim Vojtech"]
[Result "0-1"]
[TimeControl "25+10"]
[WhiteFideId "23761229"]
[BlackFideId "23749407"]
[WhiteElo "1408"]
[BlackElo "1814"]

1. e4 c6 2. d4 d5 3.
Nc3 dxe4 4. Nxe4 Bf5 5.
Ng3 Bg6 6. h4 h6 7. h5 Bh7 8. Nf3 Nd7 9. Bd3 Bxd3 10.
Qxd3 Ngf6 11. Bd2 e6 12. O-O-O Qc7 13. Rhe1 Bd6 14. Nf5 Bf8 15. Ng3 O-O-O 16. c4 Bd6 17.
Ne4 Nxe4 18. Qxe4 Nf6 19. Qe2 c5 20. Kb1 Nxh5 21. Ne5 Nf6 22. dxc5 Bxe5 23. Qxe5 Qxe5 24. Rxe5 Rd4 25. Ree1 Rhd8 26. Re2 Ne4 27.
Kc2 Rxc4+ 28. Kb1 Nxd2+ 29. Rexd2 Rxd2 30. Rxd2 Rxc5 31. Rd3 Kc7 32. Rf3 Rf5 33. Rc3+ Kd7 34. f3 Rg5 35. g4 h5 36.
gxh5 Rxh5 37. Rd3+ Rd5 38. Ra3 a6 39. Rb3 b5 40. Ra3 Rd6 41. Kc2 e5 42. Re3 Ke6 43. f4 Rd5 44. fxe5 Rc5+ 45.
Kb1 a5 46. a4 Rxe5 47. Ra3 b4 48. Rg3 g5 49. Kc2 Kf6 50. Rf3+ Kg6 51. Rg3 f5 52. Rd3 f4 53. Rd6+ Kf5 54. Rd8 g4 55. Rf8+ Ke4 56.
Kd2 Kf3 57. Rd8 g3 58. Rd3+ Kf2 59. Kc2 g2 60. Rd1 Re1 61. Rxe1 Kxe1 62. b3 g1=Q 63. Kb1 f3 64. Ka2 f2 65. Ka1 Kd2+ 66. Ka2 f1=Q 67.
Kb2 Qff2 68. Ka2 Kc3# 0-1



[ePGN "0.1;DGT LiveChess/2.2.6"]

[Event "MČR družstev mladších žáků 2024"]
[Site "Harrachov, Czech Republic"]
[Date "2024.06.15"]
[Round "4.2"]
[White "Artamonov Mikhail"]
[Black "Walder Hugo"]
[Result "0-1"]
[TimeControl "25+10"]
[WhiteFideId "23732946"]
[BlackFideId "23743360"]
[WhiteElo "1515"]
[BlackElo "1489"]

1. e4 e5 2. Nf3 Nc6 3.
d4 exd4 4. c3 dxc3 5. Bc4 Be7 6. Qd5 Nh6 7. Bxh6 O-O 8. Nxc3 gxh6 9. O-O d6 10. Qh5 Bf6 11. Qxh6 Bg7 12. Qh5 h6 13. Nd5 Be6 14. Bd3 Ne5 15. Nxe5 dxe5 16. f4 exf4 17.
Nxf4 Qg5 18. Qe2 Bd4+ 19. Kh1 Bg4 20. Qc2 c6 21. Qc4 Be5 22. Qc1 Rad8 23. Bc2 Kh8 24. Nd3 Qxc1 25. Raxc1 Bg7 26.
Rce1 Be6 27. b3 Bc3 28. Re3 Bd2 29. Rg3 Bg5 30. Ne5 Kh7 31. Nf3 Bf4 32. e5+ Kh8 33. Kg1 Bxg3 34. hxg3 Bg4 35. Nh4 Kg7 36. Bf5 Bxf5 37.
Nxf5+ Kh7 38. Nd6 Rd7 39. Rf6 Re7 40. Rf5 b6 41. Kf2 c5 42. Kf3 a6 43. Kf4 Re6 44. g4 f6 45. Nc4 fxe5+ 46. Ke4 Rd8 47. Rxe5 Rd4+ 48. Kf5 Rxe5+ 49. Kxe5 Rxg4 50. Nxb6 Rxg2 51. Na4 h5 52.
Nxc5 h4 53. Nd3 h3 54. Nf4 h2 55. Nxg2 h1=Q 56. Ne3 Qh2+ 57. Kd4 Qxa2 58. Kc3 Kg6 59. Nc4 Qe2 60. Kb4 Kf6 61. Na5 Qb5+ 0-1



[ePGN "0.1;DGT LiveChess/2.2.6"]

[Event "MČR družstev mladších žáků 2024"]
[Site "Harrachov, Czech Republic"]
[Date "2024.06.15"]
[Round "4.20"]
[White "Kala Jakub"]
[Black "Kubat Jonas"]
[Result "0-1"]
[TimeControl "25+10"]
[WhiteFideId "23753897"]
[BlackFideId "23764830"]
[WhiteElo "1657"]
[BlackElo "1246"]

1. Nf3 d5 2. c4 c6 3. e3 Nf6 4. Qc2 Bg4 5. Nc3 Bxf3 6. gxf3 e6 7. b3 d4 8. Ne4 dxe3 9. fxe3 Nbd7 10.
Bb2 Nxe4 11. Qxe4 Nc5 12. Qd4 Qa5 13. Qc3 Qb6 14. O-O-O O-O-O 15. d4 Nd7 16. Kb1 Be7 17. Bh3 Kb8 18.
e4 c5 19. d5 Bf6 20. Qe3 Bxb2 21. Kxb2 Ne5 22. Qf4 Qc7 23. Qe3 Qb6 24. Qc3 Ng6 25. Qxg7 exd5 26. Rxd5 Rxd5 27. exd5 Re8 28.
Rc1 Nf4 29. Qg3 Qd6 30. Bf5 Qe5+ 31. Ka3 Qxf5 32. Re1 Rxe1 33. Qxe1 Nd3 34. Qe8+ Qc8 35. Qxf7 b6 36. b4 cxb4+ 37. Kb3 b5 38. d6 Qxc4+ 39. Qxc4 bxc4+ 40. Kxc4 Ne5+ 41. Kxb4 Nxf3 42. h3 h5 43. Kc5 Kc8 44. Kc6 h4 45. d7+ Kd8 46. Kb7 Ng5 47. Kxa7 Nxh3 48. a4 Nf4 49. a5 Kxd7 50.
a6 Nd5 51. Kb7 Nc7 0-1



[ePGN "0.1;DGT LiveChess/2.2.6"]

[Event "MČR družstev mladších žáků 2024"]
[Site "Harrachov, Czech Republic"]
[Date "2024.06.15"]
[Round "4.25"]
[White "Padivy Jan"]
[Black "Burel Jan"]
[Result "1/2-1/2"]
[TimeControl "25+10"]
[WhiteFideId "23752904"]
[BlackFideId "23754907"]
[WhiteElo "1500"]
[BlackElo "1172"]

1. d4 f5 2. Bg5 g6 3. c4 Bg7 4. Nc3 c6 5. Nf3 Nf6 6. e3 d6 7. Bd3 O-O 8. O-O Qe8 9. Re1 e5 10.
dxe5 dxe5 11. e4 f4 12. Bxf6 Bxf6 13. Be2 g5 14. h3 Qg6 15. Qd6 g4 16. Nxe5 Bxe5 17. Qxe5 gxh3 18. Bf3 Bg4 19.
Bxg4 Qxg4 20. g3 Nd7 21. Qd6 Qf3 22. Qe6+ Rf7 23. Qxh3 Ne5 24. Qg2 fxg3 25. Rf1 Qxg2+ 26. Kxg2 gxf2 27.
Rxf2 Rxf2+ 28. Kxf2 Nd3+ 29. Ke2 Nxb2 30. Rb1 Nxc4 31. Rxb7 Nd6 32. Rc7 Nb5 33. Rxc6 1/2-1/2



[ePGN "0.1;DGT LiveChess/2.2.6"]

[Event "MČR družstev mladších žáků 2024"]
[Site "Harrachov, Czech Republic"]
[Date "2024.06.15"]
[Round "4.26"]
[White "Stepnicka Filip"]
[Black "Koupil Stepan"]
[Result "1-0"]
[TimeControl "25+10"]
[WhiteFideId "23771542"]
[BlackFideId "23742119"]
[WhiteElo "1116"]
[BlackElo "1423"]

1. e4 e5 2. Nf3 Nc6 3. Bc4 Bc5 4. d3 h6 5. c3 Nf6 6. a4 a5 7. O-O d6 8. Nbd2 O-O 9. Re1 Re8 10.
Nf1 Bg4 11. Ng3 Be6 12. Bxe6 fxe6 13. Be3 Ba7 14. d4 exd4 15. cxd4 d5 16. e5 Ne4 17. Nh5 Ne7 18. Qb3 Rb8 19.
Qc2 Nf5 20. Rac1 c6 21. Rcd1 Qe7 22. Qb3 Rec8 23. Rc1 c5 24. dxc5 Nxe3 25. fxe3 Bxc5 26. Kh1 Bb4 27. Rxc8+ Rxc8 28.
Rf1 Nc5 29. Qd1 Qe8 30. Ng3 Qxa4 31. Qxa4 Nxa4 32. b3 Nc5 33. Rc1 Re8 34. Rb1 Kf7 35. Rf1 Ke7 36. Rb1 Rc8 37. Rc1 Kd7 38.
Rb1 Nd3 39. Kg1 Rf8 40. h3 g5 41. Kh2 Bc5 42. e4 dxe4 43. Nxe4 b6 44. Rd1 Ke7 45. Rxd3 Rf4 46. Nxc5 bxc5 47.
Rc3 a4 48. bxa4 Rxa4 49. Rxc5 Ra7 50. Nd4 Rd7 51. Nc6+ Kf7 52. Ra5 Kg6 53.
Ra7 Rxa7 54. Nxa7 Kf5 55. Nc6 Ke4 56. Kg3 Kd5 57. Ne7+ Kxe5 58. Nc6+ Kf6 59. Kf3 h5 60. Nd4 Ke5 61. Nc6+ Kf5 62. Nd4+ Ke5 63.
Ne2 Kf6 64. Ke4 h4 65. Nd4 Kg6 66. Nxe6 Kh5 67. Kf5 1-0



[ePGN "0.1;DGT LiveChess/2.2.6"]

[Event "MČR družstev mladších žáků 2024"]
[Site "Harrachov, Czech Republic"]
[Date "2024.06.15"]
[Round "4.27"]
[White "Sara David"]
[Black "Vanousek Zdenek"]
[Result "1-0"]
[TimeControl "25+10"]
[WhiteFideId "23746599"]
[BlackFideId "23770244"]
[WhiteElo "1379"]
[BlackElo "1309"]

1. e4 e5 2. Nf3 Nc6 3. Bc4 Bc5 4. d3 Nf6 5. Bg5 O-O 6. Nc3 Be7 7. Qd2 a6 8. Bxf6 Bxf6 9. g4 b5 10.
Bb3 Nd4 11. Nxd4 exd4 12. Ne2 Bg5 13. f4 Bh4+ 14. Ng3 a5 15. a3 c6 16. O-O-O g5 17. Nf5 d5 18. Nxh4 gxh4 19. Qf2 dxe4 20.
dxe4 c5 21. Bd5 Ra7 22. g5 Be6 23. f5 Bxd5 24. exd5 Qxd5 25. f6 Qxg5+ 26. Kb1 Kh8 27. Rhg1 Qh6 28. Qf5 Rc7 29. Qe5 Rc6 30.
Rdf1 Qe3 31. Qf5 b4 32. Rg7 Qh6 33. Rfg1 bxa3 34. R1g5 Rxf6 35. Rxh7+ Qxh7 36. Qxf6+ 1-0



[ePGN "0.1;DGT LiveChess/2.2.6"]

[Event "MČR družstev mladších žáků 2024"]
[Site "Harrachov, Czech Republic"]
[Date "2024.06.15"]
[Round "4.28"]
[White "Burel Jiri"]
[Black "Malek Daniel"]
[Result "0-1"]
[TimeControl "25+10"]
[WhiteFideId "23754915"]
[BlackFideId "23742720"]
[WhiteElo "1116"]
[BlackElo "1246"]

1. d4 d5 2. c4 c6 3. Nf3 Nf6 4. Nc3 Bf5 5. Qb3 Qb6 6. Qxb6 axb6 7. cxd5 cxd5 8. Bf4 e6 9. e3 Bb4 10.
a3 Ne4 11. Bxb8 Nxc3 12. Kd2 Ne4+ 13. Ke2 O-O 14. Bf4 Rfc8 15. Ne1 Bxe1 16. Kxe1 Rc2 17. f3 Nf2 18. Rg1 Rac8 19. Be2 Rxe2+ 20. Kxe2 Rc2+ 21. Kf1 Bd3+ 22. Ke1 Re2+ 23. Kf1 Rxb2+ 24. Ke1 Re2+ 25. Kf1 Bc4 26. Re1 Rd2+ 27. Re2 Rxe2 28. h3 Ra2+ 29.
Ke1 Nd3+ 30. Kd1 Bb3# 0-1



[ePGN "0.1;DGT LiveChess/2.2.6"]

[Event "MČR družstev mladších žáků 2024"]
[Site "Harrachov, Czech Republic"]
[Date "2024.06.15"]
[Round "4.29"]
[White "Junova Alexandra"]
[Black "Fiala Tomas"]
[Result "1-0"]
[TimeControl "25+10"]
[WhiteFideId "23754990"]
[BlackFideId "23770040"]
[WhiteElo "1105"]
[BlackElo "1203"]

1. e4 e5 2. Nf3 Nf6 3.
d3 Nc6 4. Be2 Be7 5. Nc3 d6 6. h3 h6 7. Bd2 Be6 8. O-O O-O 9. Re1 Qd7 10. a3 Nh7 11. Nd5 Bxd5 12. exd5 Nd8 13.
Bc3 f5 14. Nh2 Bf6 15. Qd2 Bg5 16. Qd1 Nf7 17. Nf3 Bf6 18. Qd2 Nfg5 19. b3 Nxf3+ 20. Bxf3 Bg5 21. Qe2 Rae8 22. g3 f4 23. Bg4 Qe7 24. h4 Bf6 25. Be6+ Kh8 26.
Qg4 fxg3 27. fxg3 e4 28. d4 c6 29. Rxe4 cxd5 30. Ree1 Qc7 31. Bb4 a5 32. Bd2 Qxc2 33. Bxa5 Qxb3 34. Bb4 Be7 35. Bf5 Qa4 36. Bg6 Rc8 37.
Rxe7 Rc2 38. Bxc2 Qxc2 39. Qxg7# 1-0



[ePGN "0.1;DGT LiveChess/2.2.6"]

[Event "MČR družstev mladších žáků 2024"]
[Site "Harrachov, Czech Republic"]
[Date "2024.06.15"]
[Round "4.3"]
[White "Bucek Vit"]
[Black "Kolar Edvard"]
[Result "0-1"]
[TimeControl "25+10"]
[WhiteFideId "23750812"]
[BlackFideId "23746238"]
[WhiteElo "1582"]
[BlackElo "1553"]

1. e4 c5 2. Nf3 Nc6 3. d4 cxd4 4. Nxd4 g6 5. Nc3 Bg7 6. Be3 Nf6 7. Bc4 O-O 8. Bb3 d6 9. f3 Bd7 10. Qd2 Rc8 11. O-O-O Na5 12. h4 Nxb3+ 13. cxb3 b5 14. Kb1 b4 15.
Nce2 a5 16. h5 a4 17. hxg6 fxg6 18. Bh6 axb3 19. Nxb3 Qb6 20. g4 Ra8 21. Bxg7 Kxg7 22. Qh6+ Kg8 23. g5 Nh5 24. Rxh5 Rf7 25.
Rh2 Qa6 26. Nec1 Ba4 27. Rd3 Rc8 28. f4 Bxb3 29. Rxb3 Qf1 30. Rc2 Rxc2 31. Kxc2 e5 32. Nd3 Qe2+ 33. Kb1 Qd1+ 34. Nc1 Rc7 35.
Rc3 bxc3 36. Qh3 c2+ 37. Ka1 Qxc1# 0-1



[ePGN "0.1;DGT LiveChess/2.2.6"]

[Event "MČR družstev mladších žáků 2024"]
[Site "Harrachov, Czech Republic"]
[Date "2024.06.15"]
[Round "4.4"]
[White "Gernert Tomas"]
[Black "Kozusnik Jan"]
[Result "1/2-1/2"]
[TimeControl "25+10"]
[WhiteFideId "23750219"]
[BlackFideId "23731796"]
[WhiteElo "1409"]
[BlackElo "1345"]

1. d4 d5 2. Nf3 Nf6 3. Bf4 Nc6 4.
e3 Bg4 5. c3 e6 6. Bd3 Bd6 7. Bg3 Bxg3 8. hxg3 e5 9. dxe5 Nxe5 10. Bc2 Qd6 11. Nbd2 O-O-O 12. Qb1 Rhe8 13. Bf5+ Bxf5 14.
Qxf5+ Qe6 15. Qxe6+ Rxe6 16. Nxe5 Rxe5 17. Nf3 Re7 18. Rd1 h6 19. Nd4 c5 20. Nf5 Re5 21. Nxg7 Rg5 22. Rxh6 Ng4 23.
Rh7 Nf6 24. Rh6 Ng4 25. Rh7 Nf6 26. Rh6 Ng4 27. Rh7 Nf6 1/2-1/2



[ePGN "0.1;DGT LiveChess/2.2.6"]

[Event "MČR družstev mladších žáků 2024"]
[Site "Harrachov, Czech Republic"]
[Date "2024.06.15"]
[Round "4.5"]
[White "Lackova Lucie"]
[Black "Kusova Nikola"]
[Result "0-1"]
[TimeControl "25+10"]
[WhiteFideId "23731800"]
[BlackFideId "23733705"]
[WhiteElo "1601"]
[BlackElo "1353"]

1. e4 e5 2. Nf3 Nf6 3. Nxe5 d6 4. Nf3 Nxe4 5. Nc3 Nf6 6. d4 d5 7. Bg5 Be7 8. Be2 O-O 9. O-O Nc6 10.
Re1 Be6 11. Bf4 Nh5 12. Be3 a6 13. Qd2 Nf6 14. a3 Qd7 15. Rad1 Rad8 16. Bf1 h6 17. Bd3 Bg4 18. Be2 Ne4 19.
Nxe4 dxe4 20. Ne5 Nxe5 21. dxe5 Qxd2 22. Rxd2 Rxd2 23. Bxd2 Rd8 24. Bxg4 Rxd2 25. Bc8 Bc5 26. Rf1 b6 27.
Bxa6 Rxc2 28. b4 Bd4 29. Bb7 Re2 30. g3 Bxe5 31. Rd1 Bd6 32. Kf1 Ra2 33. Bxe4 Rxa3 34. Kg2 Bxb4 35. Rd7 Bd6 36.
Bd5 Kh8 37. Rxf7 Rd3 38. Be4 Rd4 39. Bc6 Rb4 40. Rf5 Bc5 41. h4 Rb2 42. Kg1 Rb1+ 43. Kg2 Rc1 44. Be4 b5 45. Rf7 Bd6 46.
Rf5 b4 47. Rb5 c5 48. Rb6 Rd1 49. Rb5 c4 50. Bc2 Rd2 51. Be4 c3 52. Ra5 Bc7 53. Rc5 Rxf2+ 54. Kh3 Rf7 55. Bd5 Re7 56.
Rc4 Bd6 57. Rc8+ Kh7 58. Rc4 Rc7 59. Be4+ g6 60. Rd4 Be5 61. Rd5 Bg7 62. Bc2 Rb7 63. Rd6 b3 64. Bxg6+ Kg8 65. Bb1 c2 66.
Bxc2 bxc2 67. Rc6 Rb2 68.
Rc8+ Kh7 69. Rc7 Kg8 70. Rc8+ Kf7 71. Rc7+ Kf6 72. Rc6+ Ke5 73. Rc5+ Kd4 74. Rc8 Kd3 75. Rd8+ Ke2 76.
Re8+ Kd1 77. Rd8+ Kc1 78. Rc8 Kb1 79. Rc7 c1=Q 80. Rxc1+ Kxc1 81. Kg4 Kd2 82. Kh5 Ke3 83. g4 Rb5+ 84.
g5 hxg5 85. hxg5 Bf6 86. Kg6 Bxg5 87.
Kf7 Kf4 88. Ke8 Ke5 89. Kf8 Ke6 90. Kg8 Rb7 91. Kf8 Bh6+ 92. Ke8 Rb8# 0-1



[ePGN "0.1;DGT LiveChess/2.2.6"]

[Event "MČR družstev mladších žáků 2024"]
[Site "Harrachov, Czech Republic"]
[Date "2024.06.15"]
[Round "4.6"]
[White "Soukup Erik"]
[Black "Hlavacek Pavel"]
[Result "1-0"]
[TimeControl "25+10"]
[WhiteFideId "23741910"]
[BlackFideId "23761768"]
[WhiteElo "1149"]
[BlackElo "1307"]

1. b3 d5 2. Bb2 c5 3. e3 Nf6 4.
Be2 Nc6 5. f4 Bf5 6. Nf3 e6 7. O-O Be7 8. h3 O-O 9. d3 Qb6 10. Nbd2 Rfd8 11. a4 Rac8 12. Ne5 Bd6 13. Ndf3 Qc7 14.
Qd2 Nd7 15. Nxd7 Rxd7 16. Rae1 Bg6 17. Qc3 Bf8 18. Ng5 h6 19. Nf3 a6 20. Nh4 Bh7 21. Nf3 b5 22. axb5 axb5 23. Ne5 Nxe5 24.
Qxe5 Qxe5 25. Bxe5 Bd6 26. Bxd6 Rxd6 27. Bf3 Ra8 28. Ra1 Rda6 29. Rxa6 Rxa6 30. e4 d4 31. e5 Ra2 32. Rf2 Bg6 33.
g4 f6 34. exf6 gxf6 35. h4 Be8 36.
Kg2 Kg7 37. Kg3 e5 38. fxe5 fxe5 39. Be4 Bf7 40. h5 c4 41. bxc4 bxc4 42. dxc4 Bxc4 43. Rf3 Ra1 44. Bg6 Rg1+ 45. Kh3 Bf1+ 46. Kh2 Rxg4 47. Rxf1 Rg5 48. Rf7+ Kh8 49. Rh7+ Kg8 50. Rxh6 Kg7 51. Rh7+ Kf6 52.
Rf7+ Ke6 53. Rf3 e4 54. Bxe4 Rxh5+ 55. Kg3 Ke5 56. Bd3 Rg5+ 57. Kh4 Rg1 58. Rf5+ Kd6 59. Rf3 Kc5 60. Rg3 Ra1 61.
Kg4 Kb4 62. Kf4 Re1 63. Rg4 Kc3 64. Kf5 Re3 65. Rf4 Re7 66. Re4 Rc7 67. Ke5 Rc5+ 68. Kd6 Rg5 69. Re5 Rg4 70. Kd5 Rh4 71.
Bf5 Rf4 72. Bd3 Rh4 73. Kc5 Rh8 74. Re4 Rc8+ 75. Kd6 Rb8 76. Rf4 Rb6+ 77. Kc5 Rb4 78. Rf6 Ra4 79. Rc6 Ra7 80. Kb6+ 1-0



[ePGN "0.1;DGT LiveChess/2.2.6"]

[Event "MČR družstev mladších žáků 2024"]
[Site "Harrachov, Czech Republic"]
[Date "2024.06.15"]
[Round "4.7"]
[White "Fadrny Jachym"]
[Black "Vanek Martin"]
[Result "1-0"]
[TimeControl "25+10"]
[WhiteFideId "23744170"]
[BlackFideId "23769238"]
[WhiteElo "1537"]
[BlackElo "1580"]

1. d4 d5 2. c4 e6 3. Nc3 Nf6 4. cxd5 exd5 5. Bg5 Be7 6. e3 O-O 7. Bd3 c5 8. dxc5 Nbd7 9. b4 Ne5 10.
h3 Be6 11. Nf3 Nxd3+ 12. Qxd3 a5 13. b5 Bxc5 14. O-O Qd6 15. Bxf6 gxf6 16. Ne2 Kh8 17. Rac1 Rg8 18. Nf4 Ba7 19.
Kh1 Rad8 20. Nd4 Qe5 21. Rfd1 Bb8 22. Nf3 Qd6 23. Qc3 Qe7 24. Qxa5 Bxf4 25. exf4 Bxh3 26. gxh3 Qe4 27. Qc3 d4 28.
Qd3 Qxf4 29. Rg1 Rd5 30. Rxg8+ Kxg8 31. Rg1+ Kh8 32. Qa3 Rd8 33. Rg4 Qf5 34. Qb3 d3 35. Kg2 d2 36. Qd1 Qxb5 37.
Rd4 Rg8+ 38. Rg4 Rd8 39. a4 Qd5 40. Rd4 Rg8+ 41. Kh2 Qc6 42. Rxd2 Qc7+ 43. Kh1 Qc8 44. Qf1 Qc6 45. Rd3 Qxa4 46.
Nh2 Qe4+ 47. f3 Qc4 48. Ng4 f5 49. Qa1+ f6 50. Qxf6+ Rg7 51. Rd8+ Qg8 52. Rxg8+ Kxg8 53. Nh6+ Kh8 54. Qf8+ Rg8 55. Qxg8# 1-0



[ePGN "0.1;DGT LiveChess/2.2.6"]

[Event "MČR družstev mladších žáků 2024"]
[Site "Harrachov, Czech Republic"]
[Date "2024.06.15"]
[Round "4.8"]
[White "Bilek Filip"]
[Black "Trejbal Jindrich"]
[Result "0-1"]
[TimeControl "25+10"]
[WhiteFideId "23763493"]
[BlackFideId "23743948"]
[WhiteElo "1249"]
[BlackElo "1401"]

1. e4 e5 2. Nf3 Nf6 3. Nc3 Bb4 4. d3 Nc6 5. Bd2 O-O 6. a3 Bxc3 7. Bxc3 Re8 8. g3 d5 9. Qe2 Bg4 10.
Bg2 dxe4 11. dxe4 Nd4 12. Qd3 Nxf3+ 13. Bxf3 Qxd3 14. cxd3 Bxf3 15. Rg1 Rad8 16. Kd2 Bxe4 17. Ke3 Rxd3+ 18. Ke2 Red8 19. h3 Bf3+ 20. Kf1 Rd1+ 21.
Rxd1 Rxd1+ 22. Be1 Ne4 23. Rg2 Nd2+ 24. Kg1 Rxe1+ 25. Kh2 Nf1+ 26. Kg1 Ne3+ 27. Kh2 Nxg2 28. g4 g5 29. Kg3 Nh4 30.
Kh2 Rh1+ 31. Kg3 Rg1+ 32. Kh2 Rg2+ 33. Kh1 Ng6 34. h4 Nf4 35. hxg5 Nh3 36. b4 Nxf2# 0-1



[ePGN "0.1;DGT LiveChess/2.2.6"]

[Event "MČR družstev mladších žáků 2024"]
[Site "Harrachov, Czech Republic"]
[Date "2024.06.15"]
[Round "4.9"]
[White "Vorlik Jachym"]
[Black "Najdkova Laura"]
[Result "1/2-1/2"]
[TimeControl "25+10"]
[WhiteFideId "23750901"]
[BlackFideId "23751290"]
[WhiteElo "1388"]
[BlackElo "1337"]

1. e4 e5 2. Nf3 Nf6 3. Nc3 Bb4 4.
d3 d6 5.
Bd2 O-O 6. Be2 Be6 7. O-O Nbd7 8. a3 Bc5 9. Na4 c6 10.
Nxc5 Nxc5 11. Be3 b6 12. Bxc5 bxc5 13. c4 Rb8 14. Qd2 h6 15. b4 cxb4 16. axb4 Qc7 17. Rfb1 d5 18. cxd5 cxd5 19. Rc1 Qd6 20. exd5 Nxd5 21. Rxa7 Nxb4 22. Qe3 Nd5 23. Qd2 Nb4 24. Qe3 Nc6 25.
Ra6 Rfc8 26. Nxe5 Qxe5 27. Raxc6 Qxe3 28. Rxc8+ Bxc8 29. fxe3 Ba6 30. Kf2 Kf8 31. Rc6 Bb5 32. Rc5 Ba6 33. Rc1 Rb2 34. Kf3 Rd2 35. Rc3 Bb7+ 36. e4 Rb2 37. Bd1 f5 38. Rc2 fxe4+ 39. dxe4 Rb3+ 40. Kf4 Rb4 41. Re2 Rd4 42. Bb3 Ba6 43.
Re3 Bf1 44. g4 Rd2 45. h4 g6 46. Rg3 Rh2 47. h5 gxh5 48. gxh5 Rxh5 49. Rg8+ Ke7 50. Rg7+ Kf6 51. Rf7+ Kg6 52.
Be6 Bh3 53. Rf5 Bxf5 54. Bxf5+ Kf6 55. Kg4 Rg5+ 56. Kh4 Ke5 57. Kh3 Kf4 58. Kh4 Kf3 59. Be6 Kxe4 60. Kh3 Kf4 61. Kh4 Rg6 62. Bf7 Rg5 63. Be8 Rg1 64.
Kh3 Rg5 65. Kh2 Kg4 66. Bd7+ Kh4 67. Bh3 h5 68. Bf1 1/2-1/2



[ePGN "0.1;DGT LiveChess/2.2.6"]

[Event "MČR družstev mladších žáků 2024"]
[Site "Harrachov, Czech Republic"]
[Date "2024.06.15"]
[Round "5.1"]
[White "Zrust Lukas"]
[Black "Policar Martin"]
[Result "1-0"]
[TimeControl "25+10"]
[WhiteFideId "23736666"]
[BlackFideId "23734868"]
[WhiteElo "1742"]
[BlackElo "1646"]

1. c4 Nf6 2. Nc3 d5 3. cxd5 Nxd5 4. g3 g6 5. Bg2 Nxc3 6. bxc3 Bg7 7. Rb1 c6 8. Nf3 O-O 9. O-O Nd7 10.
Ba3 Nb6 11. Bb2 Be6 12. a4 Nc4 13. Ba1 b6 14. Nd4 Bd7 15. Nxc6 Bxc6 16. Bxc6 Rc8 17. Bb7 Rb8 18. d3 Na3 19.
Rb3 Rxb7 20. Rxa3 Qd6 21. Rb3 Qc6 22. Rb1 h5 23. c4 h4 24. Bxg7 Kxg7 25. Ra1 Qc5 26. Kg2 Rh8 27. Qd2 Rd7 28.
Qe3 Qh5 29. Rh1 Rd6 30. Ra2 Re6 31. Qd4+ f6 32. Qxh4 Qf5 33. Qf4 Qh3+ 34. Kf3 g5 35. Qg4 f5 36. Qxh3 Rxh3 37. a5 g4+ 38.
Kf4 Kf6 39. e4 Rh5 40. axb6 axb6 41. exf5 Re5 42. Kxg4 Rexf5 43. f4 e5 44. Ra6 exf4 45. gxf4 Kg7 46. Rxb6 Rc5 47. h4 Kf7 48. Ra1 Ra5 49. Rxa5 Rxa5 50. d4 Ra4 51. Rc6 Kg7 52. d5 Ra1 53. Kf5 Ra7 54. d6 Rf7+ 55.
Ke4 Kf6 56. Rc7 Rf8 57. Re7 Rd8 58. c5 Rc8 59. Kd5 Kf5 60. Rf7 Kg6 61. Rc7 Rd8 62. d7 Kf6 63. Kd6 Ra8 64. Rc8 Ra6+ 65. c6 Kf5 66. d8=Q Ke4 67.
Qe7+ Kf3 68. Re8 Kg4 69. Qg5+ Kf3 70. f5 Kf2 71. Re3 Kf1 72. Qf4+ Kg2 73. Qg3+ Kh1 74. Re1# 1-0



[ePGN "0.1;DGT LiveChess/2.2.6"]